 Dungeon Crawl Stone Soup version 0.27.0-1-g7a08968 (webtiles) character file.

Game seed: 3183507180429070234

700 alexhoolio the Chopper (level 7, 0/62 HPs)
             Began as a Minotaur Fighter on Dec 2, 2021.
             Succumbed to a scorpion's poison
             ... on level 5 of the Dungeon.
             The game lasted 00:13:54 (4005 turns).

alexhoolio the Chopper (Minotaur Fighter)           Turns: 4005, Time: 00:13:54

Health: 0/62       AC:  7    Str: 22    XL:     7   Next: 38%
Magic:  6/6        EV:  7    Int:  5    God:
Gold:   195        SH:  9    Dex: 10    Spells: 6/6 levels left

rFire    + . .     SeeInvis .   a - +0 war axe
rCold    + . .     Faith    .   c - +0 kite shield
rNeg     . . .     Spirit   .   b - +0 scale mail
rPois    +         Reflect  .   (helmet restricted)
rElec    +         Harm     .   (no cloak)
rCorr    +         Rampage  .   (no gloves)
Will     .....                  (no boots)
Stlth    ..........             (no amulet)
HPRegen  0.20/turn              (no ring)
MPRegen  0.10/turn              (no ring)

@: lethally poisoned (0 -> -3), resistant, flying, hasted, very quick
A: horns 2, retaliatory headbutt
a: no special abilities


You were on level 5 of the Dungeon.
You visited 1 branch of the dungeon, and saw 5 of its levels.

You collected 195 gold pieces.

Inventory:

Hand Weapons
 a - a +0 war axe (weapon)
 f - a +0 hunting sling
Missiles
 h - 198 stones (quivered)
 w - 2 javelins
 x - 10 sling bullets
Armour
 b - a +0 scale mail (worn)
 c - a +0 kite shield (worn)
 t - a scarf of harm
Wands
 n - a wand of acid (10)
Scrolls
 e - 4 scrolls of identify {unknown}
 i - a scroll of noise {unknown}
 j - 2 scrolls of enchant weapon {unknown}
 k - 2 scrolls of magic mapping {unknown}
 m - a scroll of amnesia {unknown}
 q - a scroll of immolation {unknown}
 r - a scroll of summoning {unknown}
Potions
 g - a potion of flight
 p - a potion of invisibility {unknown}
 s - a potion of attraction {unknown}
 u - a potion of brilliance {unknown}
 v - a potion of might


   Skills:
 + Level 5.9 Fighting
 * Level 7.1 Axes
 + Level 5.9 Armour
 + Level 4.3 Shields


You had 6 spell levels left.
You didn't know any spells.
Your spell library contained the following spells:

 Spells                   Type           Power      Damage    Failure   Level
 Apportation              Tloc           0%         N/A       99%         1
 Summon Small Mammal      Summ           0%         N/A       99%         1
 Call Canine Familiar     Summ           0%         N/A       100%        3
 Frozen Ramparts          Ice            0%         1d2       100%        3
 Summon Guardian Golem    Hex/Summ       0%         N/A       100%        3
 Tukima's Dance           Hex            0%         N/A       100%        3
 Ice Form                 Ice/Tmut       0%         N/A       100%        4
 Passage of Golubria      Tloc           N/A        N/A       100%        4
 Summon Ice Beast         Ice/Summ       0%         N/A       100%        4
 Alistair's Intoxication  Tmut/Pois      0%         N/A       100%        5
 Yara's Violent Unravell  Hex/Tmut       0%         3d3       100%        5
 Invisibility             Hex            0%         N/A       100%        6


Dungeon Overview and Level Annotations

Branches:
Dungeon (5/15)
 Temple: D:4-7

Altars:
Hepliaklqana

Shops:
D:4 !

Annotations:
D:2 Natasha, Sigmund
D:4 Grinder, Pikel


Innate Abilities, Weirdness & Mutations

You have a pair of horns on your head.
You reflexively headbutt those who attack you in melee.


Message History

You are poisoned.
The scorpion poisons you!
You barely miss the scorpion. Your headbutt misses the scorpion.
The scorpion is lightly wounded.
You barely miss the ogre.
You feel very sick. You block the ogre's attack. The scorpion stings you. x2
The ogre hits you with a +0 giant club!
You closely miss the scorpion.
The scorpion is lightly wounded.
You hit the ogre.
You feel very sick. The scorpion barely misses you. You furiously retaliate!
You headbutt the scorpion, but do no damage.
You block the ogre's attack. You block the scorpion's attack.
You closely miss the scorpion.
The scorpion is lightly wounded.
You hit the ogre but do no damage.
You feel sick.
The scorpion stings you but does no damage.
The ogre hits you with a +0 giant club!!
* * * LOW HITPOINT WARNING * * *
Drop what? 24/52 slots (_ for help) (? for menu, Esc to quit)
Okay, then.
It was a potion of flight.
You feel very buoyant.
You fly up into the air.
* * * LOW HITPOINT WARNING * * *
You feel sick. The scorpion closely misses you.
It was a potion of haste.
You feel yourself speed up.
* * * LOW HITPOINT WARNING * * *
You feel sick. The scorpion stings you.
* * * LOW HITPOINT WARNING * * *
The ogre barely misses you.
The scorpion stings you but does no damage.
It was a potion of magic.
Magic courses through your body.
* * * LOW HITPOINT WARNING * * *
You feel sick. You block the ogre's attack.
It was a potion of resistance.
You feel protected.
You die...

###############
####.............#
#####.............##+########
##...........................#
.#........O..s...............#
.#.............#.............#
.#.............#.#.#####'#####
...#.......#...#s#.# #.#
...........#...#@#.#####.#
...........#...O.#.....#'##
...........#...###........#
.........#####.# +........#
#.........# #.#.#........#
............ #+#.#<.......##
............. .....>#+#...#
.........##... ..#.......#.#
#.....#### ... ..#......##.#


You could see an ogre and a scorpion.

Vanquished Creatures
  A water moccasin (D:5)
  An ogre (D:5)
  A centaur (D:4)
  3 lemures (D:4)
  Blork the orc (D:4)
  A scorpion (D:4)
  The ghost of blake the Caller, a weakling GnSu of the Shining One (D:3)
  An orc priest (D:4)
  2 iguanas
  Natasha (twice) (D:2)
  An orc wizard (D:4)
  5 adders
  A worm (D:2)
  A dart slug (D:3)
  6 orcs
  4 ball pythons
  6 endoplasms
  5 giant cockroaches
  2 goblins
  8 hobgoblins
  2 jackals (D:1)
  4 kobolds
  6 quokkas
  5 bats
  2 frilled lizards
  7 rats
79 creatures vanquished.

Notes
Turn   | Place    | Note
-------+----------+-------------------------------------------
     0 | D:1      | alexhoolio the Minotaur Fighter began the quest for the
                  | Orb.
     0 | D:1      | Reached XP level 1. HP: 19/19 MP: 0/0
   301 | D:1      | Found a faded altar of an unknown god.
   317 | D:1      | Reached skill level 3 in Axes
   317 | D:1      | Reached XP level 2. HP: 27/27 MP: 1/1
  1044 | D:2      | Noticed Natasha
  1163 | D:2      | Killed Natasha
  1164 | D:2      | Reached XP level 3. HP: 26/33 MP: 2/2
  1269 | D:2      | Noticed Natasha
  1276 | D:2      | Killed Natasha
  1277 | D:2      | Reached skill level 4 in Axes
  1277 | D:2      | Reached XP level 4. HP: 41/41 MP: 3/3
  1328 | D:2      | Noticed Sigmund
  1698 | D:2      | Noticed Natasha
  2099 | D:3      | Reached XP level 5. HP: 47/47 MP: 4/4
  2115 | D:3      | Found a runed translucent door.
  2240 | D:3      | Noticed blake's ghost (weakling GnSu)
  2503 | D:3      | Reached skill level 5 in Axes
  2782 | D:4      | Noticed Blork the orc
  2797 | D:4      | Killed Blork the orc
  2798 | D:4      | Reached skill level 5 in Fighting
  2798 | D:4      | Reached skill level 5 in Armour
  2877 | D:4      | Reached XP level 6. HP: 53/56 MP: 5/5
  3003 | D:4      | Noticed Pikel
  3008 | D:4      | Found Abed's Distillery.
  3052 | D:4      | Reached skill level 6 in Axes
  3273 | D:4      | Noticed Grinder
  3335 | D:3      | Killed blake's ghost
  3490 | D:4      | Found a hazy altar of Hepliaklqana.
  3549 | D:4      | Reached XP level 7. HP: 59/61 MP: 6/6
  3601 | D:5      | Entered Level 5 of the Dungeon
  3671 | D:5      | Reached skill level 7 in Axes
  4003 | D:5      | HP: 1/62 [scorpion (3)]
  4005 | D:5      | Succumbed to a scorpion's poison

Illustrated notes

Levels and vault maps discovered:
D:1:      onia_arrival_mini_maze_b, layout_basic,
          hellmonk_ecumenical_altar_slurped_away, st_stairs_10,
          chequers_big_river, minmay_three_crescents
D:2:      layout_rooms, uniq_natasha, uniq_sigmund
D:3:      layout_basic, hellmonk_ghost_happy_afterlife, wad_orctagon
D:4:      wad_pebble_path, layout_basic, amcnicky_altar_gilded,
          minmay_temple_entry_poolview, kennysheep_windowed_goal,
          uniq_blork_the_orc, uniq_grinder, uniq_pikel
D:5:      layout_basic, serial_shops, shop, grunt_decor_cap, uniq_edmund

Skill      XL: |  1  2  3  4  5  6  7 |
---------------+----------------------+-----
Axes           | 3 4 5 6 7 |  7.1
Armour         | 4 5 |  5.9
Fighting       | 4 5 |  5.9
Shields        | 4 |  4.3

Action                   |  1- 3 |  4- 6 |  7- 9 || total
-------------------------+-------+-------+-------++-------
Melee: War axe           |    47 |   134 |    17 ||   198
       Headbutt          |     4 |    20 |     2 ||    26
 Fire: Hunting sling     |     9 |    10 |     2 ||    21
  Use: Potion            |       |     1 |     4 ||     5
Armor: Scale mail        |    20 |    59 |     4 ||    83
Dodge: Dodged            |    11 |    42 |    10 ||    63
Block: Kite shield       |    28 |    73 |    14 ||   115
